 Dungeon Crawl Stone Soup version 0.26-a0-651-gb41185065b (webtiles) character file.

Game seed: 881560756464582552

343 catramo the Shooter (level 6, -8/46 HPs)
             Began as a Barachi Hunter on Oct 16, 2020.
             Splashed by Ijyb's acid (14 damage)
             ... on level 4 of the Dungeon.
             The game lasted 00:05:58 (4414 turns).

catramo the Shooter (Barachi Hunter)                Turns: 4414, Time: 00:05:59

Health: -8/46      AC:  7    Str: 13    XL:     6   Next: 57%
Magic:  15/15      EV:  9    Int: 12    God:
Gold:   174        SH:  0    Dex: 14    Spells: 5/5 levels left

rFire    . . .     SeeInvis .   a - +2 shortbow
rCold    . . .     Faith    .   (shield currently unavailable)
rNeg     . . .     Spirit   .   f - +0 scale mail
rPois    .         Reflect  .   (no helmet)
rElec    .         Harm     .   (no cloak)
rCorr    .         Rampage  .   (no gloves)
MR       .....                  n - +0 pair of boots
Stlth    ..........             (no amulet)
HPRegen  0.15/turn              m - ring of magical power
MPRegen  0.14/turn              (no ring)

@: slow
A: +LOS, swims, slowness 1, strong legs 1
a: Hop


You were on level 4 of the Dungeon.
You visited 1 branch of the dungeon, and saw 4 of its levels.

You collected 174 gold pieces.

Inventory:

Hand Weapons
 a - a +2 shortbow (weapon)
 b - a +0 short sword
Missiles
 d - 40 arrows (quivered)
Armour
 f - a +0 scale mail (worn)
 n - a +0 pair of boots (worn)
Jewellery
 m - a ring of magical power (left hand)
Wands
 c - a wand of disintegration (12)
 o - a wand of digging (5)
Scrolls
 g - 2 scrolls of identify
 h - 2 scrolls of remove curse
 k - a scroll of fear
 q - a scroll of magic mapping
Potions
 e - 2 potions of flight
 i - a potion of ambrosia {unknown}
 j - a potion of lignification
 l - a potion of brilliance
 p - 2 potions of curing


   Skills:
 - Level 2.4 Fighting
 + Level 7.7 Bows
 - Level 2.1 Dodging
 - Level 0.8 Stealth


You had 5 spell levels left.
You didn't know any spells.
Your spell library contained the following spells:

 Spells                   Type           Power        Failure   Level
 Corona                   Hex            #......      86%         1
 Ensorcelled Hibernation  Hex/Ice        #.....       94%         2
 Confusing Touch          Hex            #.......     99%         3
 Dazzling Flash           Conj/Hex       #.....       99%         3
 Tukima's Dance           Hex            #.......     99%         3


Dungeon Overview and Level Annotations

Branches:
Dungeon (4/15)
 Temple: D:4-7

Altars:

Annotations:
D:4 Ijyb


Innate Abilities, Weirdness & Mutations

You can be seen from farther away. (+LOS)
You can swim through water.
You cover ground slowly.
You can hop short distances.


Message History

Ijyb hits you with a +0 dagger.
You shoot an arrow. The arrow hits Ijyb.
Ijyb is moderately wounded.
The giant cockroach barely misses you. Ijyb hits you but does no damage.
You shoot an arrow. The arrow hits Ijyb.
Ijyb is heavily wounded.
The giant cockroach barely misses you.
Ijyb zaps a wand.
The bolt of acid hits you.
You are splashed with acid!
The giant cockroach bites you but does no damage.
You are too injured to fight recklessly!
You are too injured to fight recklessly!
You are too injured to fight recklessly!
Firing (i - inventory)
d - 41 arrows (quivered)
Press: ? - help, Shift-Dir - straight line, f/p - Ijyb
Aim: Ijyb, wielding a +0 dagger, wearing a +0 chain mail and carrying a wand of acid (9) (heavily wounded)
You shoot an arrow. The arrow closely misses Ijyb.
Ijyb zaps a wand.
The bolt of acid hits you!!
* * * LOW HITPOINT WARNING * * *
You are splashed with acid!
You die...

###############*#
#.......).....# #
#.###########.# #
#######.#..,,,*,,,#.# #
#.....#.#..,*,,,,*#.###
#.....#.#..,,,,,,,#....
#.....#.#.#,,,****#####
#....s#.#.#**,*,,,,,*
#.....@.#.#,,,*,***,*
#...(g###.#,***,***,***
#........<#,* *,*,,,*,,
#........(#,***,*,***,*
#.(...#####,,,,,*,,,,,*
####.#* *,,,,**********
#.* *,*,,,,,,,,,,,, #.*
*,************* #.*
*,,,,,,,*


You could see Ijyb and a giant cockroach.

Vanquished Creatures
  An orc priest (D:3)
  A hound (D:4)
  An orc wizard (D:3)
  Jessica (D:2)
  A worker ant (D:4)
  5 adders
  4 gnolls (D:3)
  A white imp (D:3)
  An ooze (D:3)
  A worm (D:4)
  2 dart slugs
  5 leopard geckos
  8 orcs
  9 bats
  7 giant cockroaches
  4 goblins
  14 hobgoblins
  10 kobolds
  A quokka (D:3)
  2 ball pythons
  5 frilled lizards
  13 rats
97 creatures vanquished.

Notes
Turn   | Place    | Note
-------+----------+-------------------------------------------
     0 | D:1      | catramo the Barachi Hunter began the quest for the Orb.
     0 | D:1      | Reached XP level 1. HP: 17/17 MP: 1/1
    32 | D:1      | Reached XP level 2. HP: 20/23 MP: 2/2
   603 | D:1      | Reached XP level 3. HP: 28/28 MP: 3/3
   781 | D:1      | Reached skill level 5 in Bows
   996 | D:2      | Found a faded altar of an unknown god.
  1005 | D:2      | Noticed Jessica
  1224 | D:2      | Killed Jessica
  1224 | D:2      | Reached XP level 4. HP: 16/34 MP: 4/4
  1928 | D:2      | Reached skill level 6 in Bows
  2063 | D:3      | Reached XP level 5. HP: 29/39 MP: 5/5
  3105 | D:3      | Reached skill level 7 in Bows
  3273 | D:3      | Reached XP level 6. HP: 28/46 MP: 6/6
  3779 | D:4      | Noticed Ijyb
  4414 | D:4      | Splashed by Ijyb's acid

Illustrated notes

Levels and vault maps discovered:
D:1:      eino_arrival_tree_alley, layout_basic
D:2:      minmay_chambers_of_ones, layout_rooms,
          chequers_ecumenical_altar_simple_redux, kennysheep_generic_room_12,
          uniq_jessica
D:3:      layout_loops_corners
D:4:      layout_basic, uniq_ijyb

Skill      XL: |  1  2  3  4  5 |
---------------+----------------+-----
Bows           | 5 6 7 |  7.7
Fighting       | |  2.4
Dodging        | |  2.1
Stealth        | |  0.8

Action                   |  1- 3 |  4- 6 || total
-------------------------+-------+-------++-------
Melee: Short sword       |    12 |       ||    12
 Fire: Shortbow          |   110 |   232 ||   342
 Abil: Hop               |     1 |     3 ||     4
  Use: Scroll            |     2 |    10 ||    12
       Potion            |       |     1 ||     1
Armor: Leather armour    |     5 |       ||     5
       Scale mail        |     9 |    41 ||    50
Dodge: Dodged            |    23 |    42 ||    65

Table legend: (Time is in decaauts)
 A = Elapsed time spent in this place.
 B = Non-inter-level travel time spent in this place.
 C = Inter-level travel time spent in this place.
 D = Time resting spent in this place.
 E = Time spent auto-exploring this place.
 F = Levels seen in this place.
 G = Mean time per level.
                   A        B        C        D        E       F      G
               +--------+--------+--------+--------+--------+-----+--------+
         Total |   4852 |   4652 |    200 |    439 |   3504 |   4 | 1213.0 |
       Dungeon |   4852 |   4652 |    200 |    439 |   3504 |   4 | 1213.0 |
               +--------+--------+--------+--------+--------+-----+--------+

Top non-repeatable levels by time:
     D:3: 2115 daAuts
     D:1: 1276 daAuts
     D:2: 952 daAuts
     D:4: 507 daAuts
